 Dungeon Crawl Stone Soup version 0.30-a0-840-ga523dec638 (webtiles) character file.

Game seed: 6080089553331826411

129 jimonade the Chiller (level 4, -1/31 HPs)
             Began as a Mummy Ice Elementalist on Mar 1, 2023.
             Splashed by a jelly's acid (12 damage)
             ... on level 4 of the Dungeon.
             The game lasted 00:06:03 (3043 turns).

jimonade the Chiller (Mummy Ice Elementalist)       Turns: 3043, Time: 00:06:04

Health: -1/31      AC:  4    Str: 13    XL:     4   Next: 88%
Magic:  9/9        EV: 11    Int: 14    God:
Gold:   59         SH:  0    Dex: 12    Spells: 2/9 levels left

rFire   x . .      SeeInvis +    a - +0 spear
rCold   + . .      Faith    +    (no shield)
rNeg    + + +      Spirit   .    c - +0 leather armour
rPois   ∞          Reflect  .    n - +0 hat
rElec   .          Harm     .    m - +0 cloak
rCorr   .          Rampage  .    (no gloves)
Will    .....                    (no boots)
Stlth   ++                       (no amulet)
HPRegen 0.25/turn                j - ring of see invisible
MPRegen 0.11/turn                (no ring)

@: no status effects
A: cold resistance 1, negative energy resistance 3, torment resistance 2, heat
vulnerability 1, in touch with death 1, no potions, faith
a: no special abilities


You were on level 4 of the Dungeon.
You visited 1 branch of the dungeon, and saw 4 of its levels.

You collected 59 gold pieces.

Inventory:

Hand Weapons
 a - a +0 spear (weapon)
 d - a +0 dagger
 h - a +0 short sword
 q - a +0 rapier
Missiles
 e - 30 stones
 o - 3 poisoned darts
Armour
 c - a +0 leather armour (worn)
 m - a +0 cloak (worn)
 n - a +0 hat (worn)
 w - a +0 robe
Jewellery
 j - a ring of see invisible (left hand)
Wands
 k - a wand of flame (25)
Scrolls
 b - a scroll of amnesia {unknown}
 f - a scroll of teleportation {unknown}
 g - 3 scrolls of poison {unknown}
 i - a scroll of identify {unknown}
 l - a scroll of immolation {unknown}
 p - a scroll of fog {unknown}


   Skills:
 + Level 0.5 Fighting
 + Level 1.2 Polearms
 + Level 2.0 Dodging
 + Level 2.0 Stealth
 + Level 3.4 Spellcasting
 * Level 4.2 Ice Magic


You had 2 spell levels left.
You knew the following spells:

 Your Spells              Type           Power      Damage    Failure   Level
a - Freeze                Ice            56%        1d7       4%          1
b - Ozocubu's Armour      Ice            14%        N/A       14%         3
c - Frozen Ramparts       Ice            28%        1d5       14%         3

Your spell library contained the following spells:

 Spells                   Type           Power      Damage    Failure   Level
 Summon Ice Beast         Ice/Summ       8%         N/A       73%         4


Dungeon Overview and Level Annotations

Branches:
Dungeon (4/15)
 Temple: D:4-7

Altars:
Ashenzari
Wu Jian

Shops:
D:4 ?


Innate Abilities, Weirdness & Mutations

You are immune to poison.
Your flesh is cold resistant. (rC+)
You are immune to negative energy. (rN+++)
You are immune to unholy pain and torment.
You are vulnerable to heat. (rF-)
You are in touch with the powers of death.
You do not drink.
You have a special connection with the divine. (Faith)


Message History

The hobgoblin hits you with a +0 dagger.
You hit the hobgoblin.
You kill the hobgoblin!
No target in view!
No target in view!
Search for what [Enter for "."]? arm Unknown command.
Unknown command.
You start removing your armour.
You continue taking off your +0 robe. x4
You finish taking off your +0 robe.
You start putting on your armour.
You continue putting on your +0 leather armour. x5
You finish putting on your +0 leather armour.
Found an ornate altar of the Wu Jian Council.
An endoplasm comes into view.
The endoplasm quivers.
You hit the endoplasm.
The endoplasm is severely wounded.
The endoplasm freezes you.
You are frozen.
You resist.
You hit the endoplasm.
You kill the endoplasm!
No target in view!
No target in view!
Found a stone staircase leading up.
A jelly comes into view.
Found a scroll labelled NUIRESH VYMEBE.
The jelly quivers.
A hobgoblin and a ball python come into view.
You hit the jelly.
Your hands burn!
The jelly is moderately wounded.
The jelly hits you.
You are splashed with acid!
You hit the jelly.
Your hands burn!
The jelly is moderately wounded.
The hobgoblin shouts!
The ball python hisses angrily.
The jelly hits you but does no damage.
You hit the jelly.
Your hands burn!
The jelly is heavily wounded.
The jelly hits you.
You are splashed with acid!
You die...

.#. #. .... .#. #.
##g.... .#. ###..
###........ ...
.....##...............##
#...........?.... .....
#.............# .....
#............# ##....
##...J@....$.# #....#
#............# #...#
#...........## ##...##
#............# #.....#
#...........## ##..#..#
..S.......<.# ##..##..#
............# #..####..
...........#####..# ##.
###.........##..## #.


You could see a jelly, a hobgoblin and a ball python.

Vanquished Creatures
  A scorpion (D:4)
  2 adders
  A dart slug (D:1)
  3 bats (D:1)
  7 endoplasms
  3 giant cockroaches
  5 hobgoblins
  3 jackals (D:3)
  2 kobolds
  4 quokkas (D:1)
  6 ball pythons
  A frilled lizard (D:2)
  4 goblins
  6 rats
48 creatures vanquished.

Notes
Turn   | Place    | Note
-------+----------+-------------------------------------------
     0 | D:1      | jimonade the Mummy Ice Elementalist began the quest for the
                  | Orb.
     0 | D:1      | Reached XP level 1. HP: 13/13 MP: 4/4
   167 | D:1      | Reached XP level 2. HP: 19/19 MP: 5/5
  1061 | D:1      | Found a faded altar of an unknown god.
  1215 | D:2      | Gained mutation: You are in touch with the powers of death.
                  | [Mummy growth]
  1215 | D:2      | Reached XP level 3. HP: 19/24 MP: 7/7
  1733 | D:2      | Reached skill level 4 in Ice Magic
  2426 | D:3      | You fall into a shaft and drop 1 floor!
  2467 | D:4      | Found a broken altar of Ashenzari.
  2509 | D:4      | Reached XP level 4. HP: 23/30 MP: 9/9
  2516 | D:4      | Learned a level 3 spell: Ozocubu's Armour
  2520 | D:4      | Learned a level 3 spell: Frozen Ramparts
  2657 | D:4      | Noticed a scorpion
  2671 | D:4      | Killed a scorpion
  2672 | D:4      | Reached skill level 1 in Polearms
  2755 | D:4      | Found Purghuyss's Magic Scroll Boutique.
  2976 | D:4      | Found an ornate altar of the Wu Jian Council.
  3043 | D:4      | Splashed by a jelly's acid

Illustrated notes

Levels and vault maps discovered:
D:1:      reono_arrival_forest_river, layout_loops_corners,
          shapermc_ecumenical_altar_totnotflames, minmay_liquid_box,
          wad_floor_pattern_1, hangedman_decor_growths,
          minmay_misc_feat_more_columns
D:2:      layout_basic, minmay_crystal_room
D:3:      minmay_spotlight, layout_basic, grunt_dithmenos_smoke,
          serial_co_window_serial, co_window_paths_a, co_window_paths_b,
          co_window_paths_a, co_window_of_opportunity_a, co_window_corner_a,
          co_window_of_opportunity_b, co_window_broadway_b,
          co_window_unsneaky_path_b, co_window_corner_b, co_window_4corner_b,
          co_window_paths_d
D:4:      layout_layer_cave, makhleb_heckhound_becter,
          mainiacjoe_overflow_cross_hatched, cheibrodos_ashenzari_chains,
          nicolae_stop_n_shop_1, minmay_misc_feat_rugged

Skill      XL: |  1  2  3  4 |
---------------+-------------+-----
Spellcasting   | 3 |  3.4
Ice Magic      | 4 |  4.2
Polearms       | 1 |  1.2
Dodging        | 2 |  2.0
Stealth        | 2 |  2.0
Fighting       | |  0.5

Action                     |  1- 3 |  4- 6 || total
---------------------------+-------+-------++-------
  Melee: Dagger            |    34 |       ||    34
         Unarmed           |     1 |       ||     1
         Short sword       |    11 |       ||    11
         Spear             |    82 |    15 ||    97
   Cast: Freeze            |    26 |     6 ||    32
   Stab: Sleeping          |     5 |       ||     5
 Armour: Robe              |    14 |     2 ||    16
         Leather armour    |       |     1 ||     1
  Dodge: Dodged            |    76 |     9 ||    85

Table legend: (Time is in decaauts)
 A = Elapsed time spent in this place.
 B = Non-inter-level travel time spent in this place.
 C = Inter-level travel time spent in this place.
 D = Time resting spent in this place.
 E = Time spent auto-exploring this place.
 F = Levels seen in this place.
 G = Mean time per level.
                   A        B        C        D        E       F      G
               +--------+--------+--------+--------+--------+-----+--------+
         Total |   3056 |   2943 |    113 |     82 |   2017 |   4 |  764.0 |
       Dungeon |   3056 |   2943 |    113 |     82 |   2017 |   4 |  764.0 |
               +--------+--------+--------+--------+--------+-----+--------+

Top non-repeatable levels by time:
     D:1: 1182 daAuts
     D:2: 1046 daAuts
     D:4: 617 daAuts
     D:3: 209 daAuts
